Map: Zen LE

Players

Astrea

  • Race: Protoss Protoss
  • League: Grandmaster
  • Spawn Location: 1:00

lllllllllll (sOs) - Winner!

  • Race: Protoss Protoss
  • League: Grandmaster
  • Spawn Location: 7:00

VOD

Have the link to the VOD?

Description

Time

  • Played on: Jan. 16, 2020, 5:22 a.m.
  • Length: 8:20
Show
View Real Time Build Order
Export as new Build Order

Astrea Protoss 

Build Orders: Phoenix Opening, Zealot Archon 

Get SALT Encoding   

  12  0:01  Probe  
  13  0:13  Probe  
  14  0:17  Pylon  
  14  0:25  Probe (Chrono Boost)  
  16  0:37  Probe (Chrono Boost)  
  16  0:38  Gateway  
  16  0:43  Probe (Chrono Boost)  
  16  0:46  Assimilator  
  17  0:51  Probe  
  17  0:55  Assimilator  
  18  1:03  Probe (Chrono Boost)  
  19  1:08  Gateway  
  19  1:13  Probe (Chrono Boost)  
  20  1:18  Probe  
  20  1:25  Cybernetics Core  
  21  1:30  Probe  
  22  1:35  Pylon  
  22  1:42  Probe  
  23  1:55  Probe  
  24  2:02  Warp Gate, Adept x2  
  24  2:07  Probe  
  29  2:15  Pylon  
  29  2:17  Pylon  
  30  2:22  Probe  
  30  2:33  Stalker  
  30  2:35  Stalker  
  34  2:43  Stargate  
  34  2:46  Probe  
  35  3:16  Probe, Nexus  
  36  3:21  Pylon  
  36  3:29  Phoenix (Chrono Boost)  
  36  3:31  Probe  
  39  3:43  Probe  
  40  3:53  Phoenix (Chrono Boost)  
  40  3:54  Sentry x2  
  47  3:55  Probe  
  47  4:04  Pylon  
  47  4:21  Phoenix (Chrono Boost), Pylon  
  47  4:22  Probe  
  50  4:26  Stalker x2  
  50  4:30  Probe  
  55  4:35  Probe  
  56  4:41  Phoenix  
  56  4:44  Probe  
  59  4:49  Zealot  
  59  4:51  Zealot  
  63  4:54  Probe  
  63  4:58  Probe  
  63  4:59  Pylon  
  65  5:10  Probe x2  
  65  5:12  Robotics Facility  
  65  5:13  Pylon  
  67  5:17  Stalker  
  69  5:28  Probe  
  66  5:29  Probe  
  66  5:31  Stalker  
  67  5:40  Probe  
  67  5:41  Probe  
  63  5:48  Assimilator  
  63  5:49  Assimilator  
  63  5:52  Probe  
  63  5:53  Probe  
  63  5:55  Forge, Twilight Council  
  63  5:56  Adept  
  67  5:58  Immortal (Chrono Boost)  
  71  6:06  Forge  
  71  6:12  Pylon  
  71  6:23  Shield Battery  
  71  6:29  Zealot x2  
  77  6:33  Protoss Ground Weapons Level 1 (Chrono Boost)  
  77  6:34  Probe  
  77  6:36  Probe  
  73  6:40  Charge (Chrono Boost)  
  73  6:46  Probe  
  74  6:48  Observer (Chrono Boost)  
  69  6:59  Probe x2  
  69  7:00  Immortal (Chrono Boost)  
  71  7:06  Adept  
  71  7:07  Nexus  
  77  7:08  Pylon  
  77  7:11  Probe, Templar Archives  
  78  7:18  Gateway  
  78  7:19  Gateway  
  78  7:20  Probe  
  79  7:25  Probe  
  80  7:32  Probe  
  81  7:37  Shield Battery  
  81  7:39  Shield Battery  
  81  7:41  Gateway  
  82  7:50  High Templar x2  
  88  7:53  Pylon  
  88  7:54  Archon  
  71  8:17  Zealot  
  71  8:18  Zealot  
Show
View Real Time Build Order
Export as new Build Order

lllllllllll Protoss - Winner!

Build Orders: Phoenix Opening, Zealot Archon 

Get SALT Encoding   

  12  0:00  Probe  
  13  0:13  Probe  
  14  0:17  Pylon  
  14  0:25  Probe (Chrono Boost)  
  15  0:37  Probe (Chrono Boost)  
  15  0:38  Gateway  
  16  0:44  Probe (Chrono Boost)  
  16  0:45  Assimilator  
  17  0:51  Probe  
  17  0:54  Assimilator  
  18  1:03  Probe (Chrono Boost)  
  19  1:07  Gateway  
  19  1:13  Probe (Chrono Boost)  
  19  1:18  Probe (Chrono Boost)  
  20  1:25  Cybernetics Core  
  21  1:29  Probe  
  22  1:34  Pylon  
  22  1:41  Probe  
  23  1:54  Probe  
  24  2:02  Warp Gate, Sentry, Stalker  
  24  2:06  Probe  
  29  2:11  Pylon  
  29  2:31  Sentry  
  29  2:32  Stalker  
  29  2:35  Phoenix  
  33  2:47  Nexus  
  33  2:54  Shield Battery  
  32  2:59  Sentry  
  32  3:03  Pylon  
  34  3:06  Probe  
  35  3:15  Stalker  
  35  3:18  Probe  
  38  3:31  Probe (Chrono Boost)  
  39  3:36  Twilight Council  
  39  3:44  Probe (Chrono Boost)  
  40  3:48  Phoenix  
  40  3:51  Probe (Chrono Boost)  
  40  3:52  Stalker x2  
  45  3:59  Probe (Chrono Boost)  
  47  4:03  Probe (Chrono Boost)  
  47  4:07  Blink (Chrono Boost)  
  48  4:10  Probe (Chrono Boost)  
  48  4:11  Probe (Chrono Boost)  
  48  4:16  Probe x2 (Chrono Boost)  
  49  4:17  Phoenix  
  51  4:28  Probe x2  
  53  4:32  Stalker x2  
  57  4:39  Pylon  
  57  4:40  Probe  
  58  4:46  Probe, Robotics Facility  
  58  4:52  Probe  
  60  4:53  Assimilator  
  60  4:54  Assimilator  
  60  4:58  Probe  
  61  5:02  Stalker  
  61  5:03  Stalker  
  65  5:10  Probe x2  
  64  5:29  Stalker x2  
  64  5:33  Probe  
  62  5:45  Probe x2, Observer  
  62  5:49  Pylon  
  65  5:52  Stalker x2  
  69  5:57  Nexus  
  69  5:59  Pylon  
  69  6:03  Gateway x2  
  69  6:07  Observer  
  69  6:09  Charge  
  70  6:13  Probe x2  
  72  6:19  Templar Archives  
  72  6:29  Gateway  
  72  6:32  Gateway  
  70  6:34  Probe x2  
  66  6:45  Gateway  
  66  6:47  Gateway  
  66  6:50  Stalker x2  
  70  6:55  Probe x2  
  70  6:57  Warp Prism (Chrono Boost)  
  74  7:07  Probe x2  
  76  7:09  High Templar x2  
  76  7:12  Probe  
  76  7:14  Archon  
  81  7:19  High Templar x2  
  84  7:23  Archon  
  84  7:24  Zealot  
  86  7:30  Zealot  
  86  7:31  Probe x3  
  86  7:33  Pylon  
  86  7:34  Pylon  
  91  7:43  Probe x3  
  94  7:50  High Templar x2  
  94  7:51  Zealot  
  100  7:53  Zealot x4  
  100  7:54  Pylon, Archon  
  100  7:55  Pylon, Zealot  
  111  7:58  Probe x3  
  110  8:14  Zealot x4  
  110  8:20  Zealot x2  
Tags
 
Add a new tag
Caveats
  • Supply blocks, unpowered buildings, or Contaminate may cause inaccurate times.
  • Supply counts are checked every 10 seconds.